 Dungeon Crawl Stone Soup version 0.30.1-10-g1249ef9ec4 (webtiles) character file.

Game seed: 14264137806138381717

3810 lonewolfV2 the Agnostic (level 9, 0/63 HPs)
             Began as a Demonspawn Fighter on Oct 26, 2023.
             Slain by an orc warrior
             ... wielding a +0 halberd
              (8 damage)
             ... on level 7 of the Dungeon.
             The game lasted 00:08:45 (6373 turns).

lonewolfV2 the Agnostic (Demonspawn Fighter)        Turns: 6373, Time: 00:08:45

Health: 0/63       AC: 22    Str: 24    XL:     9   Next: 96%
Magic:  16/16      EV: 16    Int: 11    God:
Gold:   378        SH:  0    Dex: 12    Spells: 8/8 levels left

rFire   . . .        a - +4 war axe (protect)
rCold   . . .        (no shield)
rNeg    . . .        j - +2 chain mail of Suschu Caoxo {Str+2 Int+2}
rPois   .            (no helmet)
rElec   .            h - +0 cloak
rCorr   .            m - +0 pair of gloves
SInv    .            (no boots)
Will    .....        (no amulet) Stlth
                     i - +4 ring of slaying
HPRegen 0.30/turn    B - +5 ring of evasion
MPRegen 0.15/turn

%: no passive effects
@: under a protective aura
A: hooves 2, ignite blood 1, weakness stinger 1, demonic touch 2
a: no special abilities


You were on level 7 of the Dungeon.
You visited 1 branch of the dungeon, and saw 7 of its levels.

You collected 378 gold pieces.

Inventory:

Hand Weapons
 a - a +4 war axe of protection (weapon)
Missiles
 w - 3 throwing nets (quivered)
Armour
 c - a +0 buckler
 h - a +0 cloak (worn)
 j - the +2 chain mail of Suschu Caoxo (worn) {Str+2 Int+2}
   (You found it on level 4 of the Dungeon)

   Str:       It affects your strength (+2).
   Int:       It affects your intelligence (+2).
 m - a +0 pair of gloves (worn)
 r - a +0 plate armour
Jewellery
 i - a +4 ring of slaying (left hand)
 t - a ring of flight
 x - a ring of wizardry
 A - a ring of ice
 B - a +5 ring of evasion (right hand)
Wands
 s - a wand of digging (14)
 v - a wand of mindburst (10)
 y - a wand of acid (8)
Scrolls
 g - 8 scrolls of teleportation
 l - a scroll of amnesia
 q - a scroll of magic mapping
 z - a scroll of fog
 C - a scroll of fear
Potions
 b - a potion of invisibility {unknown}
 d - 3 potions of might
 e - 4 potions of lignification
 f - 2 potions of ambrosia
 k - 3 potions of curing
 n - 3 potions of berserk rage {unknown}
 o - 3 potions of attraction
 p - 2 potions of heal wounds {unknown}
 u - 3 potions of brilliance {unknown}


   Skills:
 - Level 3.0 Fighting
 - Level 1.7 Axes
 + Level 8.3 Armour
 + Level 8.0 Dodging
 - Level 2.6 Shields
 + Level 9.6 Invocations


You had 8 spell levels left.
You didn't know any spells.
Your spell library contained the following spells:

 Spells                   Type           Power      Damage    Failure   Level
 Call Canine Familiar     Summ           0%         N/A       99%         3
 Portal Projectile        Hex/Tloc       0%         N/A       99%         3
 Tukima's Dance           Hex            0%         N/A       99%         3
 Leda's Liquefaction      Hex/Erth       0%         N/A       100%        4
 Passage of Golubria      Tloc           0%         N/A       100%        4
 Yara's Violent Unravell  Hex/Tmut       0%         3d3       100%        5


Dungeon Overview and Level Annotations

Branches:
Dungeon (7/15)
 Temple: D:4-7

Altars:
Ashenzari
Cheibriados

Annotations:
D:6 2 transporters, SirLogeyBear's ghost, amateur HOBe


Innate Abilities, Weirdness & Mutations

You have hoof-like feet.
Your demonic aura sometimes causes spilled blood to erupt in flames.
You have a small tail.
Your touch may inflict irresistible damage on your foes.


Message History

The gnoll barely misses you. The orc warrior closely misses you.
The gnoll closely misses you. The orc warrior misses you. The gnoll misses you.
There is an open door, spattered with blood here.
Items here: )) ††.
You hit the gnoll. Your kick misses the gnoll. Your touch misses the gnoll.
The gnoll is lightly wounded.
You hit the gnoll.
You hit the orc warrior but do no damage.
The gnoll misses you. The orc warrior closely misses you.
The gnoll barely misses you.
You slash the gnoll!
You kill the gnoll!
You slash the gnoll!
You kill the gnoll!
You closely miss the orc warrior. The white imp gestures at you.
The puff of frost hits you. The orc warrior barely misses you.
You barely miss the orc. You kick the orc!
You kill the orc!
The white imp gestures at you.
The puff of frost hits you but does no damage.
The orc warrior barely misses you. x2; The bullfrog closely misses you.
You slice the bullfrog!!
You touch the bullfrog.
You kill the bullfrog!
The orc warrior hits you from afar with a +0 halberd!
The white imp closely misses you.
The orc warrior hits you with a +0 halberd!
The orc priest barely misses you.
There is an open door, spattered with blood here.
Items here: ))) †††.
You hit the orc priest but do no damage.
Your kick misses the orc priest. You hit the white imp.
You hit the orc warrior. The white imp barely misses you.
The orc priest misses you.
The orc warrior hits you with a +0 halberd!
* * * LOW HITPOINT WARNING * * *
The white imp closely misses you. The orc warrior completely misses you.
The orc priest misses you.
The orc warrior hits you from afar with a +0 halberd!
You die...

#.###############################
........)..)............# #
#[#####################.# #.# #.#
## #)# #.# #. #.# #.# #. #.#
####### #.# #. #.#
.....?5########.# ####. #.#
......o°@.......# #..... ..#
......o#####....# #..... ###
....... #....# #..... .......
#....# #..... ....... #....#
#..... ..[.... #....# #...[.
....... ###### #..... .......
#..... ######


You could see an orc warrior, an orc priest and a white imp.

Vanquished Creatures
  A gargoyle (D:5)
  Sigmund (D:2)
  A water moccasin (D:5)
  An orc warrior (D:7)
  2 black bears (D:6)
  A sky beast (D:6)
  3 ogres
  2 centaurs
  2 phantoms (D:6)
  8 kobold brigands (D:6)
  A bullfrog (D:7)
  The ghost of middlethird the Magician, an amateur VSEE (D:4)
  4 scorpions
  A wyvern skeleton (D:4)
  3 wights (D:7)
  5 killer bees (D:5)
  An electric eel (D:6)
  A centaur zombie (D:4)
  A centaur skeleton (D:4)
  2 hounds (D:5)
  2 gnoll boudas
  6 orc priests
  4 iguanas
  4 orc wizards
  19 gnolls
  6 adders
  A shadow imp (D:7)
  2 ufetubi
  A dart slug (D:1)
  22 orcs
  3 ball pythons
  7 endoplasms
  7 giant cockroaches
  6 hobgoblins
  10 jackals
  8 quokkas
  6 bats
  4 frilled lizards
  5 goblins
  43 kobolds
  8 rats
216 creatures vanquished.

Notes
Turn   | Place    | Note
-------+----------+-------------------------------------------
     0 | D:1      | lonewolfV2 the Demonspawn Fighter began the quest for the
                  | Orb.
     0 | D:1      | Reached XP level 1. HP: 18/18 MP: 1/1
    84 | D:1      | Reached skill level 1 in Invocations
    84 | D:1      | Discovered your monstrous ancestry.
    84 | D:1      | Gained mutation: Your touch may inflict minor irresistible
                  | damage on your foes. [demonic ancestry]
    84 | D:1      | Reached XP level 2. HP: 24/24 MP: 2/2
   117 | D:1      | Found a faded altar of an unknown god.
   122 | D:1      | Reached skill level 1 in Dodging
   517 | D:2      | Gained mutation: You have large cloven feet. [demonic
                  | ancestry]
   517 | D:2      | Reached XP level 3. HP: 29/29 MP: 4/4
   519 | D:2      | Noticed Sigmund
   536 | D:2      | Killed Sigmund
   537 | D:2      | Reached skill level 3 in Invocations
   537 | D:2      | Gained mutation: You have a small tail. [demonic ancestry]
   537 | D:2      | Reached XP level 4. HP: 8/35 MP: 4/6
   537 | D:2      | Reached XP level 5. HP: 10/41 MP: 4/7
  1717 | D:3      | Identified the +2 leather armour "Faluh" {rC- rN+ Dex+3}
  2327 | D:4      | Noticed an ogre
  2335 | D:4      | Killed an ogre
  2336 | D:4      | Gained mutation: Your touch may inflict irresistible damage
                  | on your foes. [demonic ancestry]
  2336 | D:4      | Reached XP level 6. HP: 35/47 MP: 8/8
  2380 | D:4      | Reached skill level 4 in Invocations
  2569 | D:4      | Identified the +2 chain mail of Suschu Caoxo {Str+2 Int+2}
  2713 | D:4      | Reached XP level 7. HP: 45/52 MP: 10/10
  2745 | D:4      | Found a snail-covered altar of Cheibriados.
  2790 | D:4      | Reached skill level 5 in Invocations
  2890 | D:4      | Reached skill level 5 in Dodging
  2997 | D:4      | Found a runed translucent gate.
  2997 | D:4      | Found a runed translucent gate.
  2997 | D:4      | Found a runed translucent gate.
  2999 | D:4      | Noticed middlethird's ghost (amateur VSEE)
  3009 | D:4      | Killed middlethird's ghost
  3183 | D:5      | Entered Level 5 of the Dungeon
  3195 | D:5      | Reached skill level 5 in Armour
  3195 | D:5      | Gained mutation: You have hoof-like feet. [demonic
                  | ancestry]
  3195 | D:5      | Reached XP level 8. HP: 34/58 MP: 12/12
  3327 | D:5      | Reached skill level 6 in Invocations
  3612 | D:5      | Noticed a gargoyle
  3618 | D:5      | Killed a gargoyle
  3619 | D:5      | Reached skill level 7 in Invocations
  3858 | D:5      | HP: 2/58 [killer bee (6)]
  4251 | D:5      | Gained mutation: Your demonic aura sometimes causes spilled
                  | blood to erupt in flames. [demonic ancestry]
  4251 | D:5      | Reached XP level 9. HP: 63/63 MP: 14/14
  4434 | D:6      | Found a transporter.
  4518 | D:6      | Found a transporter.
  4696 | D:6      | Reached skill level 8 in Invocations
  4732 | D:6      | Noticed SirLogeyBear's ghost (amateur HOBe)
  4733 | D:6      | Noticed a large abomination
  4737 | D:6      | Noticed a toenail golem
  5236 | D:6      | Reached skill level 9 in Invocations
  6027 | D:7      | Found a broken altar of Ashenzari.
  6373 | D:7      | Slain by an orc warrior

Illustrated notes

Levels and vault maps discovered:
D:1:      tarquinn_simple_flora_water_f, layout_basic,
          dreamdust_ecumenical_altar_statues, minmay_tetromino_s4
D:2:      layout_rooms, serial_rivers, chequers_serial_rivers_large_b,
          chequers_serial_rivers_small_a, chequers_serial_rivers_small_b,
          chequers_serial_rivers_room_b, chequers_serial_rivers_small_3,
          uniq_sigmund
D:3:      layout_basic, roderic_serpentine_path, st_stairs_6
D:4:      layout_rooms, mainiacjoe_overflow_six_doors_small,
          gammafunk_ghost_necromancy
D:5:      layout_rooms, kennysheep_donut, minmay_small_thing
D:6:      minmay_goblin_kobold_castle, layout_rooms,
          gammafunk_ghost_abyssal_escape
D:7:      layout_basic, cheibrodos_ashenzari_chains,
          minmay_temple_entry_antechambers, uniq_pikel

Skill      XL: |  1  2  3  4  5  6  7  8  9 |
---------------+----------------------------+-----
Invocations    | 1 3 4 5 7 9 |  9.6
Dodging        | 1 3 4 5 6 8 |  8.0
Armour         | 3 4 5 6 8 |  8.3
Fighting       | |  3.0
Axes           | |  1.7
Shields        | |  2.6

Action                     |  1- 3 |  4- 6 |  7- 9 || total
---------------------------+-------+-------+-------++-------
  Melee: War axe           |    48 |    74 |   203 ||   325
         Touch             |     5 |     7 |    35 ||    47
         Kick              |     1 |    24 |    48 ||    73
         Tailslap          |       |     6 |    30 ||    36
         Punch             |       |       |     3 ||     3
  Evoke: Wand              |       |       |     3 ||     3
    Use: Scroll            |     6 |     5 |     8 ||    19
         Potion            |       |       |     3 ||     3
 Armour: Scale mail        |    21 |       |       ||    21
         Chain mail        |     9 |    23 |   231 ||   263
         Plate armour      |       |    34 |       ||    34
  Dodge: Dodged            |    34 |    41 |   221 ||   296
  Block: Buckler           |     6 |       |       ||     6
